Map: Pillars of Gold LE

Players

Moja

  • Race: Terran Terran
  • League: Master
  • Spawn Location: 7:00

Lilbow - Winner!

  • Race: Protoss Protoss
  • League: Grandmaster
  • Spawn Location: 1:00

VOD

Have the link to the VOD?

Description

Time

  • Played on: April 2, 2021, 9:16 a.m.
  • Length: 13:05
Show
View Real Time Build Order
Export as new Build Order

Moja Terran 

Build Orders:  

Get SALT Encoding   

  12  0:00  SCV  
  13  0:12  SCV  
  14  0:17  Supply Depot  
  14  0:24  SCV  
  15  0:39  SCV  
  15  0:40  Barracks  
  16  0:46  Refinery  
  16  0:51  SCV  
  17  1:03  SCV  
  18  1:15  SCV  
  19  1:27  Marine  
  19  1:28  Orbital Command  
  20  1:45  Command Center  
  21  1:54  SCV  
  21  1:59  Factory  
  21  2:05  Barracks Reactor  
  21  2:06  SCV  
  22  2:11  Supply Depot  
  22  2:18  SCV  
  23  2:23  Bunker  
  23  2:25  Refinery  
  23  2:33  SCV  
  24  2:41  Marine x2  
  24  2:44  Starport  
  26  2:46  SCV  
  27  2:57  Orbital Command  
  27  2:59  SCV  
  27  3:03  Marine x2  
  30  3:11  SCV  
  31  3:13  Widow Mine  
  33  3:20  Medivac  
  33  3:22  SCV  
  33  3:23  SCV  
  33  3:24  Marine  
  33  3:25  Marine  
  39  3:30  Supply Depot  
  39  3:34  SCV  
  39  3:35  Factory Tech Lab  
  39  3:37  SCV  
  41  3:43  Marine  
  41  3:44  Marine  
  41  3:46  SCV  
  44  3:49  SCV  
  44  3:53  Starport Tech Lab  
  44  3:54  Supply Depot  
  44  3:55  Siege Tank  
  48  3:58  SCV  
  49  4:05  SCV  
  49  4:06  Marine x2  
  52  4:10  SCV  
  52  4:11  Supply Depot  
  54  4:17  SCV  
  54  4:20  Viking  
  54  4:26  SCV  
  55  4:34  SCV  
  55  4:36  Cyclone  
  55  4:38  Engineering Bay, SCV  
  52  4:48  SCV  
  52  4:49  Command Center  
  52  4:50  SCV  
  52  4:51  Viking  
  56  4:56  Refinery  
  56  5:00  SCV  
  56  5:02  SCV  
  58  5:08  Siege Tank  
  58  5:09  Missile Turret  
  58  5:12  SCV  
  62  5:14  SCV  
  63  5:24  SCV  
  63  5:26  SCV  
  63  5:27  Barracks  
  65  5:29  Terran Infantry Weapons Level 1  
  65  5:31  Supply Depot, Stimpack  
  65  5:32  Missile Turret  
  65  5:36  SCV  
  65  5:37  Barracks  
  65  5:42  Siege Tank  
  69  5:43  SCV  
  70  5:51  Barracks, Missile Turret  
  70  5:53  SCV, Marine  
  70  5:54  Barracks  
  70  5:56  Refinery, SCV  
  72  6:05  SCV, Orbital Command  
  72  6:07  Starport Reactor  
  72  6:08  SCV  
  74  6:11  Marine  
  74  6:14  Siege Tank  
  74  6:15  Marine x2  
  74  6:17  SCV  
  81  6:20  SCV  
  81  6:24  Barracks Tech Lab  
  82  6:29  Supply Depot, SCV  
  82  6:30  Supply Depot  
  82  6:32  SCV  
  85  6:34  Marauder  
  85  6:36  Orbital Command  
  86  6:40  Marine x2  
  86  6:41  Combat Shield, Barracks Reactor x2, SCV  
  86  6:43  Marauder  
  86  6:44  SCV  
  90  6:53  SCV  
  91  6:55  Marine  
  91  6:56  SCV  
  91  6:58  Marine  
  91  6:59  Medivac x2  
  91  7:01  Refinery  
  98  7:03  Refinery  
  98  7:04  SCV  
  98  7:05  SCV, Missile Turret  
  98  7:08  Missile Turret  
  100  7:09  SCV  
  100  7:12  Supply Depot x2  
  100  7:13  Supply Depot, Siege Tank  
  104  7:16  SCV  
  104  7:20  SCV  
  108  7:23  Marine, Terran Infantry Armor Level 1  
  108  7:24  Marine x2  
  109  7:31  Factory  
  109  7:33  Barracks Reactor, Marine x3  
  109  7:35  SCV  
  109  7:36  SCV  
  114  7:37  Marine  
  114  7:40  Marine  
  114  7:42  Marine  
  117  7:45  Armory, Siege Tank  
  117  7:46  Engineering Bay  
  117  7:49  Supply Depot, Marine  
  117  7:50  Supply Depot  
  121  7:51  Supply Depot  
  121  7:55  Marine x3  
  121  7:56  Marine  
  121  7:57  Medivac  
  126  8:04  Marine  
  125  8:07  Marine x2  
  125  8:10  Marine x2  
  129  8:13  Marine  
  129  8:14  Marauder, Marine x2  
  129  8:19  Siege Tank x2  
  139  8:22  Marine  
  139  8:24  Marine  
  139  8:25  Marine  
  142  8:27  Medivac x2  
  142  8:28  Marine x2  
  142  8:29  Missile Turret  
  142  8:31  Marine  
  142  8:32  Missile Turret  
  148  8:34  Terran Infantry Weapons Level 2  
  148  8:35  Marine x2  
  148  8:39  Supply Depot x2  
  150  8:41  Marine x2, Terran Vehicle Weapons Level 1  
  150  8:44  Marine  
  150  8:47  Marine  
  154  8:49  Marine  
  154  8:50  Marine  
  154  8:53  Marine  
  157  9:00  Marine, Siege Tank x2, Command Center  
  164  9:03  Marine  
  164  9:04  Marine x3  
  164  9:08  Medivac x2  
  172  9:12  Marine  
  172  9:13  Marine  
  173  9:29  Supply Depot, Marine x6  
  173  9:30  Supply Depot  
  180  9:42  Siege Tank  
  180  9:43  Factory  
  181  9:50  Barracks Reactor  
  181  9:51  Marine, Siege Tank  
  185  9:56  Marine  
  185  10:09  Marine x5  
  185  10:13  Terran Infantry Armor Level 2  
  189  10:16  Barracks x2  
  189  10:17  Barracks  
  189  10:26  Marine  
  190  10:28  Siege Tank x2  
  170  10:55  Siege Tank  
  170  10:56  Marine  
  170  10:57  Marine x2  
  129  10:58  Marine x2  
  129  11:00  Marine, Siege Tank  
  129  11:01  Marine  
  129  11:02  Marine x2  
  115  11:04  Marine  
  115  11:05  Barracks Reactor x2  
  115  11:06  Barracks Reactor, Siege Tank  
  115  11:15  Marine x3  
  115  11:16  Marine x2, Missile Turret  
  115  11:18  Marine x2  
  120  11:20  Marine  
  120  11:22  Missile Turret  
  120  11:23  Missile Turret  
  116  11:27  Marine x2  
  116  11:28  Siege Tank  
  115  11:33  Marine x3, Siege Tank  
  115  11:34  Marine x2  
  115  11:37  Marine x2  
  124  11:42  Marine x2  
  124  11:44  Marine x3  
  124  11:45  Marine  
  124  11:46  Marine x2, Siege Tank  
  135  11:47  Marine  
  135  11:50  Sensor Tower  
  135  11:51  Marine  
  137  11:55  Marine x3  
  137  11:56  Marine  
  141  12:01  Factory  
  141  12:03  Siege Tank  
  141  12:10  SCV x3  
  141  12:14  Siege Tank  
  147  12:20  Marine, Siege Tank  
  151  12:25  Marine  
Show
View Real Time Build Order
Export as new Build Order

Lilbow Protoss - Winner!

Build Orders: 1 Gate Expand, Phoenix Opening, Colossus Rush 

Get SALT Encoding   

  12  0:00  Probe  
  13  0:12  Probe  
  14  0:18  Pylon  
  14  0:24  Probe  
  15  0:36  Probe (Chrono Boost)  
  15  0:38  Gateway  
  16  0:45  Probe (Chrono Boost)  
  16  0:47  Assimilator  
  17  0:51  Probe (Chrono Boost)  
  18  1:03  Probe  
  19  1:15  Probe  
  20  1:25  Cybernetics Core  
  20  1:36  Nexus  
  20  1:40  Probe  
  21  1:47  Pylon  
  21  1:52  Probe  
  22  1:57  Assimilator  
  22  2:05  Adept  
  22  2:07  Probe  
  25  2:19  Probe (Chrono Boost)  
  25  2:22  Stargate  
  27  2:31  Probe (Chrono Boost), Warp Gate  
  27  2:36  Adept  
  29  2:37  Probe (Chrono Boost)  
  30  2:46  Probe (Chrono Boost)  
  30  2:48  Probe (Chrono Boost)  
  32  2:57  Probe (Chrono Boost)  
  34  2:58  Probe (Chrono Boost)  
  34  3:02  Probe (Chrono Boost)  
  34  3:04  Probe (Chrono Boost)  
  36  3:05  Phoenix  
  36  3:11  Probe  
  39  3:15  Probe  
  40  3:23  Probe  
  40  3:25  Pylon, Gateway  
  41  3:27  Probe  
  41  3:29  Phoenix (Chrono Boost)  
  44  3:35  Probe  
  44  3:39  Probe  
  46  3:45  Phoenix (Chrono Boost)  
  46  3:48  Probe  
  49  3:50  Robotics Facility  
  49  3:52  Probe  
  49  3:55  Pylon  
  50  3:58  Assimilator  
  50  4:00  Probe  
  50  4:02  Assimilator  
  51  4:04  Probe  
  51  4:08  Phoenix (Chrono Boost)  
  54  4:13  Probe, Shield Battery  
  54  4:16  Probe  
  56  4:27  Zealot  
  56  4:28  Zealot, Probe  
  59  4:34  Probe  
  60  4:40  Robotics Bay, Forge  
  60  4:45  Phoenix  
  62  4:53  Nexus  
  62  4:56  Pylon  
  62  5:11  Probe x2  
  62  5:14  Phoenix  
  62  5:16  Protoss Ground Weapons Level 1  
  64  5:22  Pylon  
  66  5:29  Colossus (Chrono Boost)  
  66  5:35  Extended Thermal Lance  
  70  5:40  Probe x2  
  72  5:45  Zealot x2  
  72  5:49  Pylon  
  76  5:51  Phoenix  
  78  5:58  Shield Battery  
  78  6:05  Probe x2  
  78  6:06  Probe  
  78  6:09  Colossus (Chrono Boost)  
  81  6:11  Zealot x2  
  81  6:16  Phoenix  
  81  6:17  Probe  
  94  6:20  Probe x2  
  94  6:23  Pylon  
  96  6:30  Probe  
  97  6:32  Probe  
  97  6:33  Probe  
  97  6:35  Gateway x2  
  99  6:41  Phoenix  
  99  6:46  Colossus (Chrono Boost)  
  105  6:57  Pylon  
  105  6:59  Gateway  
  105  7:00  Gateway  
  105  7:04  Probe x2  
  105  7:06  Phoenix  
  109  7:09  Twilight Council  
  109  7:15  Pylon, Sentry, Zealot  
  111  7:20  Protoss Ground Armor Level 1 (Chrono Boost)  
  113  7:27  Forge  
  113  7:30  Probe x3  
  113  7:33  Assimilator  
  113  7:35  Colossus  
  122  7:37  Assimilator  
  122  7:38  Pylon  
  122  7:39  Charge (Chrono Boost)  
  122  7:42  Probe x3  
  125  7:50  Pylon  
  125  7:51  Pylon  
  125  8:07  Zealot x4  
  125  8:10  Protoss Ground Weapons Level 2 (Chrono Boost)  
  133  8:14  Gateway  
  133  8:17  Gateway  
  133  8:18  Photon Cannon, Gateway  
  133  8:19  Gateway  
  133  8:29  Immortal  
  137  8:35  Nexus  
  137  8:38  Pylon  
  137  8:41  Templar Archives  
  137  8:44  Photon Cannon  
  137  8:50  Probe x3  
  137  8:53  Pylon  
  140  9:00  Shield Battery  
  140  9:02  Probe x3  
  142  9:03  Shield Battery  
  142  9:04  Protoss Ground Armor Level 2 (Chrono Boost)  
  143  9:14  Probe  
  143  9:15  Disruptor (Chrono Boost), Zealot x5  
  154  9:20  High Templar x2  
  161  9:24  Archon  
  161  9:25  Pylon, High Templar x2  
  161  9:30  Archon  
  165  9:33  Blink  
  163  9:48  High Templar x2, Zealot x4  
  163  9:52  Archon  
  175  9:55  Zealot x2  
  175  9:57  Pylon  
  175  9:59  Pylon  
  179  10:09  Zealot x4  
  187  10:18  Protoss Ground Weapons Level 3 (Chrono Boost)  
  187  10:19  Zealot x3  
  191  10:23  Zealot x2  
  195  10:32  Pylon  
  185  10:45  Zealot x6, Colossus (Chrono Boost)  
  185  10:46  Zealot x2  
  185  10:47  Zealot x2  
  132  11:08  High Templar x6  
  132  11:10  Probe, Assimilator x2  
  145  11:13  Zealot x4  
  145  11:15  Archon x3  
  151  11:27  Warp Prism  
  153  11:33  Probe x4  
  153  11:39  Nexus  
  157  11:45  Probe x3  
  160  11:47  Stalker x2  
  160  11:48  Stalker x4  
  172  11:54  Pylon  
  172  11:55  Stalker x2  
  176  12:13  Stalker x5  
  186  12:24  High Templar x4, Zealot  
  186  12:27  Archon  
  186  12:28  Archon  
  166  12:39  High Templar x2  
  166  12:40  Zealot x3  
  166  12:41  Probe  
  163  12:48  Archon  
  163  12:49  Zealot  
  165  12:56  Stalker x4  
Tags
 
Add a new tag
Caveats
  • Supply blocks, unpowered buildings, or Contaminate may cause inaccurate times.
  • Supply counts are checked every 10 seconds.